 Dungeon Crawl Stone Soup version 0.29-a0-925-g0a7a3d12f8 (webtiles) character file.

Game seed: 14181125300020734693

114 Essalna the Insei (level 4, 0/30 HPs)
             Began as an Octopode Transmuter on July 29, 2022.
             Slain by a gnoll
             ... wielding a +0 whip
              (2 damage)
             ... on level 2 of the Dungeon.
             The game lasted 00:03:46 (2537 turns).

Essalna the Insei (Octopode Transmuter)             Turns: 2537, Time: 00:03:47

Health: 0/30       AC:  1    Str:  9    XL:     4   Next: 98%
Magic:  6/7        EV: 13    Int: 17    God:
Gold:   88         SH:  0    Dex: 12    Spells: 2/7 levels left

rFire   . . .      SeeInvis .     - Unarmed
rCold   . . .      Faith    .   (no shield)
rNeg    . . .      Spirit   .   (helmet currently unavailable)
rPois   .          Reflect  .   (no amulet)
rElec   .          Harm     .   (no ring)
rCorr   .          Rampage  .   (no ring)
Will    .....                   (no ring)
Stlth   ++........              (no ring)
HPRegen 0.10/turn               (no ring)
MPRegen 0.10/turn               (no ring)
                                (no ring)
                                (no ring)

@: appendages (expiring)
A: tentacle spike 3, almost no armour, amphibious, 8 rings, camouflage 1,
gelatinous body 1, (nimble swimmer 1), tentacles
a: End Transformation


You were on level 2 of the Dungeon.
One of your tentacles had grown a beastly spike.
You visited 1 branch of the dungeon, and saw 2 of its levels.

You collected 88 gold pieces.

Inventory:

Armour
 d - a +1 hat (melded)
Scrolls
 g - 5 scrolls of identify {unknown}
 h - a scroll of noise {unknown}
 i - a scroll of teleportation {unknown}
 k - a scroll of enchant weapon {unknown}
Potions
 a - a potion of lignification
 b - a potion of invisibility {unknown}
 c - 2 potions of mutation {unknown}
 e - a potion of heal wounds {unknown}
 f - 2 potions of attraction {unknown}
 j - a potion of flight {unknown}


   Skills:
 - Level 2.3 Fighting
 - Level 2.0 Dodging
 + Level 4.0 Unarmed Combat
 - Level 2.0 Spellcasting
 + Level 3.2 Transmutations
 + Level 1.0 Ice Magic


You had 2 spell levels left.
You knew the following spells:

 Your Spells              Type           Power      Damage    Failure   Level
a - Beastly Appendage     Tmut           24%        N/A       5%          1
b - Ice Form              Ice/Tmut       8%         N/A       63%         4

Your spell library contained the following spells:

 Spells                   Type           Power      Damage    Failure   Level
 Wereblood                Tmut           12%        N/A       8%          2
 Freeze                   Ice            20%        1d4       13%         1
 Magic Dart               Conj           4%         1d3       19%         1
 Searing Ray              Conj           2%         2d4       28%         2
 Spider Form              Tmut/Pois      7%         N/A       30%         3
 Frozen Ramparts          Ice            10%        1d3       36%         3
 Hailstorm                Conj/Ice       3%         3d3       83%         4
 Fulminant Prism          Conj/Hex       0%         3d6       88%         4


Dungeon Overview and Level Annotations

Branches:
Dungeon (2/15)

Altars:

Shops:
D:1 (


Innate Abilities, Weirdness & Mutations

One of your tentacles has grown a beastly spike.
You cannot wear most types of armour.
You are amphibious.
You can wear up to eight rings at the same time.
Your skin changes colour to match your surroundings (Stealth+).
Your rubbery body absorbs attacks. (AC +1, EV +1)
((You are camouflaged when in or above water. (Stealth+)))
You have tentacles for arms and can constrict up to eight enemies at once.


Message History

The orc hits you with a +2 flail of protection!
You are too injured to fight recklessly!
You are too injured to fight recklessly!
You are too injured to fight recklessly!
You tentacle-slap the orc but do no damage.
You grab the orc.
You pierce the orc, but do no damage.
You squeeze the orc.
The orc is lightly wounded.
You constrict the orc. You barely miss the orc.
You pierce the orc.
You kill the orc!
Your Ice Magic skill increases to level 1!
Things that are here:
a +2 flail of protection; an orc corpse Your transformation is almost over.
Your tentacle spike disappears.
Your +1 hat unmelds from your body.
Things that are here:
a +2 flail of protection; an orc corpse One of your tentacles grows a vicious spike.
Your +1 hat melds into your body.
The gnoll shouts!
The gnoll drinks a potion.
The gnoll seems to speed up.
You see here a +0 club.
The gnoll barely misses you. The gnoll closely misses you.
Your transformation is almost over.
The gnoll hits you with a +0 spear!
You tentacle-slap the gnoll but do no damage.
Your grab misses the gnoll.
You pierce the gnoll, but do no damage.
The gnoll hits you with a +0 spear! The gnoll barely misses you. x2
You tentacle-slap the gnoll. You grab the gnoll. You squeeze the gnoll.
The gnoll is severely wounded.
You constrict the gnoll, but do no damage.
The gnoll hits you with a +0 whip!
* * * LOW HITPOINT WARNING * * *
The gnoll hits you with a +0 spear.
* * * LOW HITPOINT WARNING * * *
You tentacle-slap the gnoll.
You pierce the gnoll.
You squeeze the gnoll.
You kill the gnoll!
The gnoll hits you with a +0 whip.
You die...

#.# ..# #######.# ........#
......# ## ....#...#
#g)##..# # . #.@##..#.# ..
###.# ######..##..#.#...
..... ........)....:....
###.############.......#...
..#.#...........#.....?....
#.#.#..............<.....#
#.#...#...#...###.######...
..#..#######..# #.#
..#....###...## #.#


You could see a gnoll.

Vanquished Creatures
  6 gnolls
  An adder (D:2)
  2 worms (D:2)
  2 dart slugs
  An orc (D:2)
  3 ball pythons
  5 endoplasms
  2 goblins
  7 hobgoblins
  5 jackals
  3 quokkas
  2 bats (D:1)
  A frilled lizard (D:2)
  2 kobolds (D:2)
  5 rats
47 creatures vanquished.

Notes
Turn   | Place    | Note
-------+----------+-------------------------------------------
     0 | D:1      | Essalna the Octopode Transmuter began the quest for the
                  | Orb.
     0 | D:1      | Reached XP level 1. HP: 13/13 MP: 3/3
   199 | D:1      | Found a faded altar of an unknown god.
   311 | D:1      | Reached XP level 2. HP: 18/18 MP: 3/5
   337 | D:1      | Found Osmosch's Weapon Shoppe.
  1032 | D:2      | Reached XP level 3. HP: 19/24 MP: 4/6
  1491 | D:2      | Reached XP level 4. HP: 12/29 MP: 5/7
  1700 | D:2      | Learned a level 4 spell: Ice Form
  2330 | D:2      | Reached skill level 4 in Unarmed Combat
  2424 | D:2      | Reached skill level 1 in Ice Magic
  2537 | D:2      | Slain by a gnoll

Illustrated notes

Levels and vault maps discovered:
D:1:      nicolae_arrival_memento_mori, layout_loops_ring,
          basic_ecumenical_altar, serial_shops, nicolae_lakefront_shop,
          nrook_mini_backslash
D:2:      layout_basic, grunt_ministairs_14, minmay_between

Skill      XL: |  1  2  3  4 |
---------------+-------------+-----
Fighting       | 2 |  2.3
Transmutations | 3 |  3.2
Unarmed Combat | 4 |  4.0
Ice Magic      | 1 |  1.0
Dodging        | |  2.0
Spellcasting   | |  2.0

Action                   |  1- 3 |  4- 6 || total
-------------------------+-------+-------++-------
Melee: Unarmed           |    58 |    41 ||    99
       Kick              |    25 |    18 ||    43
       Constrict         |    16 |    12 ||    28
       Tentacles         |     8 |     9 ||    17
       Punch             |     2 |     1 ||     3
 Cast: Beastly Appendage |    18 |    13 ||    31
 Stab: Sleeping          |     3 |     3 ||     6
Armor: Skin              |     5 |     1 ||     6
Dodge: Dodged            |    38 |    22 ||    60

Table legend: (Time is in decaauts)
 A = Elapsed time spent in this place.
 B = Non-inter-level travel time spent in this place.
 C = Inter-level travel time spent in this place.
 D = Time resting spent in this place.
 E = Time spent auto-exploring this place.
 F = Levels seen in this place.
 G = Mean time per level.
                   A        B        C        D        E       F      G
               +--------+--------+--------+--------+--------+-----+--------+
         Total |   2532 |   2505 |     27 |    164 |   2021 |   2 | 1266.0 |
       Dungeon |   2532 |   2505 |     27 |    164 |   2021 |   2 | 1266.0 |
               +--------+--------+--------+--------+--------+-----+--------+

Top non-repeatable levels by time:
     D:2: 1313 daAuts
     D:1: 1218 daAuts
